 Dungeon Crawl Stone Soup version 0.19-a0 (webtiles) character file.

2123 Duffy the Grappler (level 9, -4/80 HPs)
             Began as a Troll Fighter on Apr 27, 2016.
             Was a Believer of Cheibriados.
             Slain by a killer bee (9 damage)
             ... on level 11 of the Dungeon.
             The game lasted 00:05:52 (4194 turns).

Duffy the Grappler (Troll Fighter)                  Turns: 4194, Time: 00:05:53

Health: -4/80      AC:  6    Str: 31    XL:     9   Next: 8%
Magic:  8/8        EV: 10    Int:  7    God:    Cheibriados [**....]
Gold:   348        SH:  0    Dex: 14    Spells: 0 memorised, 8 levels left

rFire  . . .     SeeInvis .       - Unarmed
rCold  . . .     Gourm    +     D - +0 robe (curse)
rNeg   . . .     Faith    .     (no shield)
rPois  .         Spirit   .     (helmet restricted)
rElec  .         Dismiss  .     B - +0 cloak
rCorr  .         Reflect  .     (gloves unavailable)
SustAt .         Harm     .     (boots unavailable)
MR     .....                    y - amulet of magic regeneration
Stlth  ..........               n - -2 ring of intelligence (curse)
                                e - ring of loudness (curse)

@: lethally poisoned (-4 -> -28), very slow, not resistant to hostile
enchantments, extremely unstealthy
A: unfitting armour, claws 3, fast metabolism 3, gourmand, regeneration 2,
shaggy fur 1, tough skin 2
a: Bend Time, Renounce Religion


You were on level 11 of the Dungeon.
You worshipped Cheibriados.
Cheibriados was pleased with you.
You were very full.

You visited 2 branches of the dungeon, and saw 12 of its levels.

You collected 348 gold pieces.


Innate Abilities, Weirdness & Mutations

You are too large for most types of armour.
You have claws for hands.
Your metabolism is lightning-fast.
You like to eat raw meat.
You heal very quickly.
You are covered in fur (AC +1).
You have very tough skin (AC +2).


   Skills:
 - Level 2.4 Fighting
 - Level 2.4 Dodging
 - Level 2.4 Shields
 + Level 11.9 Unarmed Combat


You had 8 spell levels left.
You didn't know any spells.

Inventory:

Missiles
 m - 11 tomahawks (quivered)
 E - 4 poisoned tomahawks
Armour
 a - a +0 robe
 b - a +0 shield
 p - a +1 robe of positive energy
 B - a +0 cloak (worn)
 D - a cursed +0 robe (worn)
Jewellery
 e - a cursed ring of loudness (left claw)
 n - a cursed -2 ring of intelligence (right claw)
 o - an uncursed ring of sustain attributes {unknown}
 y - an amulet of magic regeneration (around neck)
Wands
 v - a wand of acid (2/15)
 C - a wand of polymorph (11/24)
 H - a wand of slowing (33/48)
Scrolls
 g - a scroll of blinking {unknown}
 h - 5 scrolls of identify {unknown}
 i - 5 scrolls of magic mapping {unknown}
 j - 2 scrolls of remove curse {unknown}
 k - 2 scrolls of enchant weapon {unknown}
 s - 3 scrolls of teleportation {unknown}
 t - a scroll of recharging {unknown}
 x - a scroll of enchant armour {unknown}
 A - 3 scrolls of amnesia {unknown}
 G - a scroll of noise {unknown}
Potions
 c - a potion of might
 l - a potion of heal wounds {unknown}
 q - a potion of resistance {unknown}
 r - 3 potions of curing {unknown}
 u - a potion of berserk rage {unknown}
 z - a potion of invisibility {unknown}
 F - a potion of agility {unknown}
Comestibles
 d - 4 bread rations
 f - 2 meat rations
 w - 7 fruits

Dungeon Overview and Level Annotations

Branches:
Dungeon (11/15)            Temple (1/1) D:5
   Lair: D:8-11         Orc: D:9-12

Altars:
Ashenzari
Cheibriados
Dithmenos
Fedhas
Gozag
Kikubaaqudgha
Makhleb
Nemelex Xobeh
Okawaru
Pakellas
Ru
Sif Muna
Trog
Vehumet
Xom
Yredelemnul
Zin
The Shining One


Message History

The killer bee stings you. x2
You are more poisoned.
The killer bee poisons you! The killer bee stings you.
The killer bee barely misses you.
The killer bee stings you but does no damage.
The orc hits you from afar with a trident.
The killer bee stings you but does no damage.
You miss the killer bee.
The killer bee is lightly wounded.
You feel sick. The killer bee stings you. The killer bee barely misses you.
The killer bee stings you but does no damage. x2
The killer bee barely misses you. The killer bee stings you.
You are more poisoned.
The killer bee poisons you! The killer bee barely misses you.
The orc hits you but does no damage. The killer bee closely misses you.
You claw the killer bee!
The killer bee is heavily wounded.
You feel sick. The killer bee barely misses you. x2
The killer bee closely misses you.
The killer bee stings you but does no damage.
The killer bee stings you! The killer bee stings you.
The killer bee stings you! The killer bee barely misses you.
You are too injured to fight recklessly!
You are too injured to fight recklessly!
You are too injured to fight recklessly!
You are too injured to fight recklessly!
You are too injured to fight recklessly!
You are too injured to fight recklessly!
You are too injured to fight recklessly!
You are too injured to fight recklessly!
You are too injured to fight recklessly!
You are too injured to fight recklessly!
You are too injured to fight recklessly!
You are too injured to fight recklessly!
You are too injured to fight recklessly!
You are too injured to fight recklessly!
You are too injured to fight recklessly!
You are too injured to fight recklessly!
You are too injured to fight recklessly!
You are too injured to fight recklessly!
You are too injured to fight recklessly!
You are too injured to fight recklessly!
You closely miss the killer bee.
The killer bee is heavily wounded.
You feel sick. The killer bee barely misses you. The killer bee stings you!
The killer bee barely misses you. The killer bee closely misses you.
The killer bee stings you. The orc barely misses you.
The killer bee stings you but does no damage.
The killer bee stings you. The killer bee stings you!
You die...

#..............+
#........)..<..#
#..............#
#..............#
#..............#
#......#######+#
#..#...#
#..#.y.#
#..#@yo#
#..yyyo#
#....oo...
#...........
#...........
#...........
#...........
#...........


You could see 5 killer bees and 4 orcs.

Action                   |  1- 3 |  4- 6 |  7- 9 || total
-------------------------+-------+-------+-------++-------
Melee: Unarmed           |    57 |   130 |   286 ||   473
       Punch             |     1 |     2 |     9 ||    12
 Stab: Sleeping          |     1 |       |       ||     1
  Eat: Chunk             |     7 |     8 |    26 ||    41
Armor: Robe              |    14 |    47 |    93 ||   154
Dodge: Dodged            |    22 |    64 |   149 ||   235

Notes
Turn   | Place    | Note
--------------------------------------------------------------
     0 | D:1      | Duffy the Troll Fighter began the quest for the Orb.
     0 | D:1      | Reached XP level 1. HP: 22/22 MP: 0/0
    71 | D:2      | Reached skill level 3 in Unarmed Combat
    71 | D:2      | Reached XP level 2. HP: 29/29 MP: 1/1
   109 | D:3      | Noticed barb4r1an's ghost (amateur DsGl)
   256 | D:3      | Reached XP level 3. HP: 24/36 MP: 2/2
   263 | D:3      | Reached skill level 4 in Unarmed Combat
   307 | D:3      | Reached XP level 4. HP: 29/44 MP: 3/3
   485 | D:3      | Killed barb4r1an's ghost
   485 | D:3      | Reached skill level 5 in Unarmed Combat
   485 | D:3      | Reached XP level 5. HP: 37/50 MP: 4/4
   517 | D:3      | Found a shadowy altar of Dithmenos.
   571 | D:4      | Reached skill level 6 in Unarmed Combat
   585 | D:4      | Reached XP level 6. HP: 32/59 MP: 5/5
   619 | D:4      | Reached skill level 7 in Unarmed Combat
   668 | D:4      | Found a burning altar of Makhleb.
   815 | D:5      | Entered Level 5 of the Dungeon
   831 | D:5      | Found a staircase to the Ecumenical Temple.
   850 | Temple   | Entered the Ecumenical Temple
  1045 | D:3      | Reached XP level 7. HP: 40/66 MP: 6/6
  1178 | D:3      | Found an iron altar of Okawaru.
  1245 | D:3      | Reached skill level 8 in Unarmed Combat
  1534 | D:3      | Found a shimmering altar of Xom.
  1766 | D:2      | Noticed Terence
  1770 | D:2      | Noticed Ijyb
  1775 | D:2      | Killed Terence
  1782 | D:2      | Killed Ijyb
  1782 | D:2      | Reached skill level 9 in Unarmed Combat
  2697 | D:4      | Found a snail-covered altar of Cheibriados.
  2705 | D:4      | Became a worshipper of Cheibriados the Contemplative
  2798 | D:4      | Found a shadowy altar of Dithmenos.
  3022 | D:4      | Found an ancient bone altar of Kikubaaqudgha.
  3121 | D:5      | Reached XP level 8. HP: 68/74 MP: 7/7
  3240 | D:5      | Found a sparkling altar of Nemelex Xobeh.
  3266 | D:6      | Reached * piety under Cheibriados
  3497 | D:8      | Reached skill level 10 in Unarmed Combat
  3775 | D:8      | Reached skill level 11 in Unarmed Combat
  3907 | D:8      | Reached ** piety under Cheibriados
  3997 | D:10     | Entered Level 10 of the Dungeon
  4169 | D:11     | Noticed a gargoyle
  4175 | D:11     | Killed a gargoyle
  4175 | D:11     | Reached XP level 9. HP: 71/80 MP: 8/8
  4194 | D:11     | Slain by a killer bee

Skill      XL: |  1  2  3  4  5  6  7  8 |
---------------+-------------------------+-----
Unarmed Combat | 3 4 5 6 7 9 11 | 11.9
Fighting       | |  2.4
Dodging        | |  2.4
Shields        | |  2.4

Vault maps used:
D:1:      lightli_arrival_boilingwater
D:2:      uniq_terence, uniq_iyjb
D:3:      old_standard_altar, led_xom_imps, serial_undead, serial_undead_e,
          serial_undead_e, serial_undead_e, serial_undead_c,
          minmay_misc_feat_five, okawaru_altar_gauntlet_db
D:4:      kennysheep_slug_shrine, lemuel_coloured_pillars_altar,
          old_standard_altar, kennysheep_minor_cross, lemuel_tele_altar
D:5:      nemelex_xobeh_ov_fountains_minmay,
          minmay_temple_entry_statues_fountains, first_bread
D:6:      nicolae_overflow_crystal_walls, trog_book
D:8:      grunt_qazlal_sundering, serial_shops, kennysheep_mini,
          blue_anna_alchemist
D:9:      basic_altar
D:11:     erik_lair_orcish_takeover, portal_ice_cave_entry_imps,
          kennysheep_generic_room_10, uniq_psyche
Temple:   circular_temple_12

Vanquished Creatures
  A gargoyle
  A phantom
  An ogre
  The ghost of barb4r1an the Ducker, an amateur DsGl
  3 giant frogs
  A water moccasin skeleton
  A scorpion
  2 howler monkeys
  5 crimson imps
  A jelly
  A giant frog zombie
  5 orc priests
  A hound
  9 orc wizards
  A centaur skeleton Ijyb Terence
  An iguana
  4 worker ants
  A hound zombie
  A hound skeleton
  10 gnolls
  8 adders
  A shadow imp
  An adder skeleton
  2 adder zombies
  2 dart slugs
  7 giant geckos
  26 orcs
  6 bats
  3 giant cockroaches
  4 goblins
  11 hobgoblins
  7 jackals
  4 kobolds
  3 quokkas
  5 giant newts
  3 jackal skeletons
  A quokka skeleton
  6 rats
153 creatures vanquished.
